 Dungeon Crawl Stone Soup version 0.30.0-20-g3b4254fcbd (webtiles) character file.

Game seed: 11425638965469617624

36 Graphine the Vexing (level 3, -2/15 HPs)
             Began as a Felid Enchanter on June 2, 2023.
             Slain by Natasha (6 damage)
             ... on level 2 of the Dungeon.
             The game lasted 00:03:59 (777 turns).

Graphine the Vexing (Felid Enchanter)                Turns: 777, Time: 00:04:00

Health: -2/15      AC:  1    Str:  4    XL:     3   Next: 19%
Magic:  1/7        EV: 17    Int: 18    God:
Gold:   48         SH:  0    Dex: 16    Spells: 4/6 levels left
                                        Lives:  0   Deaths: 0

rFire   . .          .
                       - Unarmed
rCold   . . .        (shield unavailable)
rNeg    . . .        (body armour unavailable)
rPois   .            (helmet unavailable)
rElec   .            (cloak unavailable)
rCorr   .            (gloves unavailable)
SInv    +            (boots unavailable)
Will    .....        (no amulet)
Stlth   +++          (no ring)
HPRegen 0.22/turn    (no ring)
MPRegen 0.10/turn

%: no passive effects
@: mighty, slowed, slow
A: very small, claws 1, fangs 3, see invisible, speed 1, shaggy fur 1, stealthy
paws, no weapons or thrown items, no armour, multi-lived
a: no special abilities


You were on level 2 of the Dungeon.
You visited 1 branch of the dungeon, and saw 2 of its levels.

You collected 48 gold pieces.

Inventory:

Potions
 a - a potion of might
 b - a potion of mutation {unknown}
 c - a potion of degeneration
 f - a potion of heal wounds {unknown}


   Skills:
 + Level 0.7 Fighting
 + Level 3.0 Dodging
 * Level 4.7 Stealth
 + Level 1.3 Unarmed Combat
 + Level 2.2 Spellcasting
 * Level 5.0 Hexes


You had 4 spell levels left.
You knew the following spells:

 Your Spells              Type           Power      Damage    Failure   Level
a - Ensorcelled Hibernat  Hex/Ice        20%        N/A       10%         2

Your spell library contained the following spells:

 Spells                   Type           Power      Damage    Failure   Level
 Confusing Touch          Hex            20%        N/A       7%          3
 Tukima's Dance           Hex            20%        N/A       7%          3
 Summon Small Mammal      Summ           4%         N/A       19%         1
 Dazzling Flash           Conj/Hex       20%        N/A       19%         3
 Summon Guardian Golem    Hex/Summ       10%        N/A       19%         3
 Call Canine Familiar     Summ           1%         N/A       47%         3


Dungeon Overview and Level Annotations

Branches:
Dungeon (2/15)

Altars:

Annotations:
D:2 Natasha


Innate Abilities, Weirdness & Mutations

You have sharp claws.
You have razor-sharp teeth.
You have supernaturally acute eyesight. (SInv)
You cover ground quickly. (Speed+)
You are covered in fur. (AC +1)
Your paws help you pounce on unaware monsters.
You are incapable of wielding weapons or throwing items.
You cannot wear armour.
You gain extra lives every three experience levels.


Message History

You closely miss Natasha.
Natasha is severely wounded.
Natasha drinks a potion.
Natasha is healed!
Okay, then.
You scratch Natasha.
Natasha is heavily wounded.
Natasha claws you.
You miss Natasha.
Natasha is heavily wounded.
Natasha completely misses you.
You miss Natasha.
Natasha is heavily wounded.
Natasha misses you.
You scratch Natasha but do no damage.
Natasha is heavily wounded.
Natasha misses you.
You completely miss Natasha.
Natasha is heavily wounded.
Natasha hisses.
Natasha closely misses you.
You scratch Natasha but do no damage. You bite Natasha, but do no damage.
Natasha is heavily wounded.
Natasha misses you.
You closely miss Natasha.
Natasha is heavily wounded.
Natasha stares at you and mumbles some strange words.
You feel yourself slow down.
You scratch Natasha.
Natasha is severely wounded.
Natasha claws you.
* * * LOW HITPOINT WARNING * * *
You miss Natasha. You bite Natasha, but do no damage.
Natasha is severely wounded.
Natasha barely misses you. x2
You feel very mighty all of a sudden. Natasha misses you.
You barely miss Natasha.
Natasha is severely wounded.
Natasha claws you.
You die...

##### #...
##########.# #
#..........# .#####
#.##.......###......
#.##.###.#..........
#.##.# #.###@#....#
#.##.# #.# #h# #.#
#.##.# #.. #.#
#.##.# #.. ...
#.##.# #..##..
#.##.###..##### #.#
..# #.# #.##. #.#
#.#..


You could see Natasha.

Vanquished Creatures
  An adder (D:2)
  A dart slug (D:1)
  A ball python (D:1)
  2 bats
  An endoplasm (D:1)
  3 giant cockroaches (D:1)
  4 goblins
  3 hobgoblins (D:1)
  2 kobolds (D:1)
  A quokka (D:1)
19 creatures vanquished.

Vanquished Creatures (others)
  A goblin (D:1)
1 creature vanquished.

Grand Total: 20 creatures vanquished

Notes
Turn   | Place    | Note
-------+----------+-------------------------------------------
     0 | D:1      | Graphine the Felid Enchanter began the quest for the Orb.
     0 | D:1      | Reached XP level 1. HP: 7/7 MP: 4/4
   270 | D:1      | Reached XP level 2. HP: 10/11 MP: 6/6
   326 | D:1      | Learned a level 2 spell: Ensorcelled Hibernation
   758 | D:2      | Noticed Natasha
   763 | D:2      | Reached skill level 5 in Hexes
   763 | D:2      | Reached XP level 3. HP: 9/15 MP: 4/7
   777 | D:2      | Slain by Natasha

Illustrated notes

Levels and vault maps discovered:
D:1:      mrwooster_arrival_arrow, layout_rooms, skrybe_limestone_x,
          palyth_stone_intersect
D:2:      layout_loops_ring, uniq_natasha

Skill      XL: |  1  2 |
---------------+-------+-----
Dodging        | 3 |  3.0
Hexes          | 5 |  5.0
Fighting       | |  0.7
Stealth        | |  4.7
Unarmed Combat | |  1.3
Spellcasting   | |  2.2

Action                     || total
---------------------------++-------
  Melee: Unarmed           ||    65
         Bite              ||     9
         Punch             ||     1
   Cast: Ensorcelled Hiber ||     8
    Use: Potion            ||     3
         Scroll            ||     5
   Stab: Sleeping          ||    10
         Invisible         ||     2
 Armour: Skin              ||     5
  Dodge: Dodged            ||    51
